 Dungeon Crawl Stone Soup version 0.24-a0-778-g74da537585 (webtiles) character file.

Game seed: 2691387751510138607, levelgen mode: deterministic

151 Arixos the Magician (level 5, -2/28 HPs)
             Began as a Deep Elf Wizard on Oct 7, 2019.
             Was an Initiate of Vehumet.
             Killed from afar by an orc wizard (7 damage)
             ... with a magic dart
             ... on level 3 of the Dungeon.
             The game lasted 00:20:19 (3025 turns).

Arixos the Magician (Deep Elf Wizard)               Turns: 3025, Time: 00:20:19

Health: -2/28      AC:  3    Str:  4    XL:     5   Next: 11%
Magic:  2/14       EV: 13    Int: 24    God:    Vehumet [......]
Gold:   174        SH:  6    Dex: 13    Spells: 3/14 levels left

rFire    . . .     SeeInvis .   s - +2 dagger (drain)
rCold    + . .     Gourm    .   e - +2 buckler
rNeg     . . .     Faith    .   a - +0 robe
rPois    .         Spirit   .   j - +0 helmet
rElec    .         Reflect  .   (no cloak)
rCorr    +         Harm     .   (no gloves)
MR       .....                  (no boots)
Stlth    ++........             (no amulet)
HPRegen  0.09/turn              n - ring of protection from cold
MPRegen  0.14/turn              t - ring of resist corrosion

@: no status effects
A: no striking features
a: Renounce Religion


You were on level 3 of the Dungeon.
You worshipped Vehumet.
Vehumet was noncommittal.
You were not hungry.

You visited 1 branch of the dungeon, and saw 4 of its levels.

You collected 174 gold pieces.

Inventory:

Hand Weapons
 s - a +2 dagger of draining (weapon)
Armour
 a - a +0 robe (worn)
 e - a +2 buckler (worn)
 j - a +0 helmet (worn)
Jewellery
 n - a ring of protection from cold (left hand)
 p - an uncursed ring of flight
 t - a ring of resist corrosion (right hand)
Wands
 c - a wand of digging (4)
Scrolls
 b - 2 scrolls of fog {unknown}
 f - 3 scrolls of enchant weapon {unknown}
 h - a scroll of fear {unknown}
 l - 2 scrolls of teleportation {unknown}
 m - 5 scrolls of identify {unknown}
 o - 3 scrolls of remove curse {unknown}
 r - 2 scrolls of magic mapping {unknown}
 v - a scroll of random uselessness {unknown}
Potions
 g - a potion of magic {unknown}
 i - 2 potions of curing {unknown}
 k - a potion of resistance {unknown}
 q - a potion of brilliance {unknown}
 u - a potion of agility {unknown}
 x - a potion of experience {unknown}
Comestibles
 d - 4 rations


   Skills:
 + Level 3.4 Dodging
 - Level 2.4 Stealth
 * Level 2.0 Shields
 + Level 5.1 Spellcasting
 + Level 2.3 Conjurations
 + Level 2.0 Summonings
 + Level 1.8 Translocations


You had 3 spell levels left.
You knew the following spells:

 Your Spells              Type           Power        Failure   Level  Hunger
a - Magic Dart            Conj           ###.         4%          1    None
c - Mephitic Cloud        Conj/Pois/Air  #.......     24%         3    ##.....
e - Blink                 Tloc           N/A          8%          2    None
f - Conjure Flame         Conj/Fire      ##......     21%         3    ##.....
i - Call Imp              Summ           ###.....     7%          2    None

Your spell library contained the following spells:

 Spells                   Type           Power        Failure   Level  Hunger
 Summon Small Mammal      Summ           ###.         4%          1    None
 Apportation              Tloc           ###...       5%          1    None
 Animate Skeleton         Necr           N/A          11%         1    None
 Confusing Touch          Hex            #.....       11%         1    None
 Slow                     Hex            #.......     17%         2    None


Dungeon Overview and Level Annotations

Branches:
Dungeon (4/15)
 Temple: D:4-7

Altars:
Vehumet


Message History

You miss something. Something hits you.
Casting: Magic Dart (safe; 4% risk of failure)
Confirm with . or Enter, or press ? or * to list all spells.
You blink.
Something completely misses you.
You hear some strange, mumbled words.
A puff of flame appears from out of thin air!
The puff of flame hits you!
* * * LOW HITPOINT WARNING * * *
Your magical contamination has completely faded away.
A puff of flame appears from out of thin air!
The puff of flame misses you.
You see here 16 arrows.
There is an open door here.
Casting: Blink (safe; 8% risk of failure)
Confirm with . or Enter, or press ? or * to list all spells.
You blink.
A magic dart appears from out of thin air!
The magic dart hits you!
You die...

#....###.#.......##.# #
#.######+#........#.#### #.#
#...........#....' ### #.#
#...........###### #.# #.#
#................. #.# #.#
##+####.....###... #.# #.#
#.##.........+...
#.####.######.........####...
#...........@.............)..
#.####.######.##.#.#......#+#
##.............##.#.#......#.#
#.......######.##.#.#......#.#
##.###### #.#....#......#.#
#.# #.######......#.# #.# #.#
######.#.#
#.###########.###########.#.#
#.##.............[...........


There were no monsters in sight!

Vanquished Creatures
  Jessica (D:2)
  A worker ant (D:4)
  2 adders (D:2)
  2 oozes (D:1)
  2 dart slugs
  5 giant cockroaches
  5 goblins
  8 hobgoblins
  2 quokkas
  7 bats
  3 frilled lizards
  4 kobolds
  6 rats
48 creatures vanquished.

Vanquished Creatures (collateral kills)
  A howler monkey (D:3)
  2 adders (D:2)
  2 hobgoblins
  5 jackals
  A frilled lizard (D:2)
11 creatures vanquished.

Vanquished Creatures (others)
  An ice beast (D:3)
1 creature vanquished.

Grand Total: 60 creatures vanquished

Notes
Turn   | Place    | Note
-------+----------+-------------------------------------------
     0 | D:1      | Arixos the Deep Elf Wizard began the quest for the Orb.
     0 | D:1      | Reached XP level 1. HP: 10/10 MP: 7/7
   230 | D:1      | Reached XP level 2. HP: 4/15 MP: 0/9
   645 | D:1      | Learned a level 2 spell: Blink
   648 | D:1      | Learned a level 2 spell: Call Imp
   829 | D:1      | Reached skill level 1 in Shields
   910 | D:2      | Reached XP level 3. HP: 19/19 MP: 3/11
   915 | D:2      | Learned a level 3 spell: Mephitic Cloud
   919 | D:2      | Learned a level 3 spell: Conjure Flame
  1200 | D:2      | Noticed Jessica
  1205 | D:2      | Killed Jessica
  1301 | D:2      | Reached skill level 5 in Spellcasting
  1301 | D:2      | Reached XP level 4. HP: 22/24 MP: 9/13
  1732 | D:3      | Noticed an ice beast
  1904 | D:3      | Killed an ice beast
  2369 | D:3      | Found a radiant altar of Vehumet.
  2403 | D:3      | Became a worshipper of Vehumet
  2719 | D:4      | Reached XP level 5. HP: 13/28 MP: 2/14
  3025 | D:3      | Killed from afar by an orc wizard

Levels and vault maps discovered:
D:1:      sevenhm_arrival_forest_fort_large_4, layout_rooms
D:2:      layout_loops_cross, uniq_jessica
D:3:      layout_basic, fiery_altar_vehumet
D:4:      layout_cave_pods, minmay_temple_entry_crystal_x,
          ebering_ghost_sewer_f, uniq_eustachio

Skill      XL: |  1  2  3  4 |
---------------+-------------+-----
Shields        | 1 2 |  2.0
Dodging        | 3 |  3.4
Conjurations   | 2 |  2.3
Spellcasting   | 5 |  5.1
Summonings     | 2 |  2.0
Stealth        | |  2.4
Translocations | |  1.8

Action                   |  1- 3 |  4- 6 || total
-------------------------+-------+-------++-------
Melee: Hand axe          |     9 |     3 ||    12
       Dagger            |       |    14 ||    14
 Cast: Magic Dart        |    66 |    68 ||   134
       Call Imp          |     5 |    11 ||    16
       Conjure Flame     |       |     2 ||     2
       Mephitic Cloud    |       |     2 ||     2
       Blink             |       |     2 ||     2
 Stab: Sleeping          |     1 |       ||     1
       Distracted        |       |     1 ||     1
  Eat: Chunk             |     1 |     5 ||     6
Armor: Robe              |     3 |     8 ||    11
Dodge: Dodged            |    17 |    32 ||    49
Block: Buckler           |     6 |     8 ||    14

Table legend:
 A = Non-vault XP
 B = Vault XP
 C = Vault XP percentage of total XP
 D = Non-vault monster count
 E = Vault monster count
 F = Vault count percentage of total count
                 A         B        C        D         E       F
            +---------+---------+-------+---------+---------+-------
      Total |     191 |      26 |  12.0 |      58 |       1 |   1.7
            +---------+---------+-------+---------+---------+-------
        D:1 |      37 |       0 |   0.0 |      17 |       0 |   0.0
        D:2 |      69 |      26 |  27.4 |      20 |       1 |   4.8
        D:3 |      60 |       0 |   0.0 |      20 |       0 |   0.0
        D:4 |      25 |       0 |   0.0 |       1 |       0 |   0.0
            +---------+---------+-------+---------+---------+-------
